Map: 机械城 - 天梯版

Players

RAIL

  • Race: Protoss Protoss

Kelazhur - Winner!

  • Race: Terran Terran

Event: WESG 2018 Grand Finals

VOD

Have the link to the VOD?

Description

Time

  • Played on: March 12, 2019, 8:21 a.m.
  • Length: 13:00

All games in this series

Show
View Real Time Build Order
Export as new Build Order

RAIL Protoss 

Build Orders: 1 Gate Expand, Phoenix Opening 

Get SALT Encoding   

  12  0:00  Probe  
  13  0:12  Probe  
  14  0:17  Pylon  
  14  0:24  Probe  
  15  0:32  Probe  
  15  0:37  Gateway  
  15  0:40  Probe  
  16  0:47  Assimilator  
  17  0:51  Probe  
  18  1:03  Probe  
  19  1:15  Probe  
  20  1:23  Nexus  
  20  1:34  Cybernetics Core  
  20  1:36  Probe  
  21  1:41  Assimilator  
  21  1:48  Probe  
  21  1:52  Pylon  
  22  2:00  Adept, Probe  
  23  2:12  Probe  
  26  2:16  Stargate  
  26  2:20  Adept  
  26  2:23  Warp Gate  
  26  2:24  Probe  
  27  2:34  Probe  
  30  2:38  Probe  
  30  2:42  Probe  
  31  2:50  Adept, Probe x2  
  35  2:54  Phoenix  
  36  3:02  Probe  
  36  3:04  Probe  
  40  3:14  Probe, Phoenix  
  40  3:16  Pylon  
  40  3:17  Probe  
  44  3:26  Probe  
  45  3:31  Phoenix  
  45  3:32  Probe  
  41  3:56  Phoenix  
  41  4:00  Probe  
  41  4:01  Probe  
  40  4:12  Probe  
  40  4:13  Probe  
  38  4:21  Probe  
  38  4:24  Probe  
  39  4:26  Gateway  
  39  4:29  Probe  
  40  4:33  Probe  
  40  4:34  Gateway  
  42  4:40  Probe  
  42  4:41  Probe  
  42  4:42  Phoenix  
  45  4:50  Probe  
  45  4:52  Probe  
  46  5:02  Probe  
  46  5:04  Probe  
  48  5:08  Phoenix  
  48  5:12  Pylon  
  48  5:13  Pylon  
  50  5:14  Probe  
  50  5:16  Probe  
  50  5:19  Robotics Facility  
  52  5:26  Probe x2  
  54  5:33  Assimilator  
  54  5:34  Probe  
  54  5:36  Assimilator  
  54  5:37  Probe  
  54  5:38  Phoenix  
  54  5:42  Pylon, Probe  
  58  5:45  Probe  
  60  5:53  Probe  
  60  5:54  Probe  
  64  6:05  Probe  
  64  6:06  Probe  
  64  6:11  Pylon  
  64  6:12  Robotics Bay  
  64  6:16  Immortal  
  64  6:17  Probe  
  69  6:19  Zealot x2  
  73  6:28  Sentry  
  73  6:32  Nexus  
  75  6:35  Probe x2  
  77  6:41  Colossus  
  77  6:46  Gateway  
  77  6:47  Probe  
  77  6:49  Pylon  
  84  7:04  Extended Thermal Lance  
  84  7:07  Probe  
  85  7:09  Sentry, Zealot  
  85  7:11  Probe  
  90  7:27  Gateway  
  90  7:28  Pylon  
  90  7:29  Colossus  
  90  7:30  Probe  
  90  7:33  Phoenix  
  93  7:38  Probe  
  101  7:44  Pylon, Probe  
  101  7:50  Probe x2  
  103  7:51  Stalker x2  
  103  7:54  Zealot  
  109  8:00  Stalker  
  109  8:01  Phoenix  
  113  8:05  Pylon  
  113  8:07  Colossus  
  107  8:21  Zealot  
  107  8:22  Zealot  
  107  8:24  Assimilator  
  107  8:25  Pylon  
  107  8:26  Phoenix  
  119  8:34  Zealot x2, Twilight Council  
  123  8:44  Stalker, Zealot x2  
  129  8:50  Shield Battery, Assimilator  
  129  8:53  Phoenix  
  131  8:58  Sentry, Zealot  
  135  9:06  Stalker, Zealot  
  135  9:09  Stalker, Blink  
  141  9:15  Pylon  
  141  9:18  Pylon  
  139  9:35  Pylon  
  139  9:38  Pylon, Forge, Immortal  
  143  9:39  Forge  
  143  9:40  Sentry  
  143  9:42  Stalker  
  147  9:49  Phoenix  
  147  9:51  Probe  
  147  9:52  Pylon  
  148  9:53  Pylon  
  148  9:55  Stalker  
  150  10:03  Shield Battery  
  150  10:06  Protoss Ground Weapons Level 1  
  150  10:16  Protoss Ground Armor Level 1, Phoenix  
  150  10:17  Stalker x3  
  156  10:28  Stalker x2  
  152  10:38  Immortal  
  152  10:42  Stalker, Zealot x2  
  162  10:48  Photon Cannon  
  162  10:52  Photon Cannon  
  162  11:04  Stalker x3  
  162  11:06  Charge  
  162  11:07  Stalker  
  170  11:12  Stalker, Pylon  
  172  11:21  Warp Prism  
  174  11:26  Pylon  
  174  11:34  Stalker  
  174  11:35  Stalker  
  174  11:38  Stalker  
  180  11:48  Stalker x2  
  178  11:55  Pylon  
  178  11:59  Gateway  
  178  12:00  Gateway  
  178  12:04  Stalker x2  
  178  12:05  Stalker  
  178  12:08  Disruptor  
  173  12:30  Stalker x2  
  173  12:31  Stalker x2  
  173  12:35  Stalker  
Show
View Real Time Build Order
Export as new Build Order

Kelazhur Terran - Winner!

Build Orders: 1/1/1, Hellion Opening 

Get SALT Encoding   

  12  0:00  SCV  
  13  0:12  SCV  
  14  0:18  Supply Depot  
  14  0:25  SCV  
  15  0:29  Refinery  
  15  0:39  SCV  
  16  0:45  Barracks  
  16  0:51  SCV  
  17  1:03  SCV  
  18  1:15  SCV  
  19  1:33  Orbital Command, Marine  
  19  1:34  Factory  
  20  1:44  Supply Depot  
  20  1:51  Barracks Reactor  
  20  1:58  SCV  
  21  2:10  SCV  
  22  2:23  Supply Depot, SCV  
  22  2:28  Starport  
  23  2:31  Hellion x2  
  23  2:35  SCV  
  29  2:49  SCV  
  29  2:52  Hellion x2  
  29  2:57  Command Center  
  33  3:05  Medivac  
  35  3:14  Hellion x2  
  35  3:18  Supply Depot  
  39  3:20  Barracks Tech Lab  
  39  3:25  Refinery  
  39  3:40  SCV  
  40  3:56  SCV  
  35  4:05  Engineering Bay  
  35  4:08  SCV  
  34  4:16  Cyclone, Marine x2  
  37  4:23  Orbital Command, SCV  
  34  4:25  Bunker  
  34  4:32  Missile Turret  
  34  4:33  Marine x2  
  34  4:36  Missile Turret, SCV  
  37  4:45  Viking  
  39  4:48  Cyclone, SCV  
  39  4:51  Marine x2  
  45  4:55  SCV  
  43  5:00  SCV  
  43  5:06  Terran Infantry Weapons Level 1  
  44  5:07  SCV  
  44  5:09  Marine x2  
  44  5:12  SCV  
  48  5:14  Barracks  
  48  5:21  SCV  
  49  5:24  Barracks, SCV  
  50  5:33  SCV  
  51  5:36  SCV  
  51  5:41  Refinery  
  51  5:42  Marine, Factory Reactor  
  52  5:43  Stimpack  
  52  5:45  Starport Reactor, SCV  
  52  5:48  SCV  
  53  5:57  SCV  
  53  6:00  Marine  
  53  6:03  SCV  
  56  6:11  Refinery, SCV  
  56  6:12  Barracks  
  56  6:13  Marine x2, Supply Depot  
  56  6:14  Barracks  
  56  6:15  SCV  
  59  6:19  Marauder  
  59  6:23  SCV  
  62  6:25  Barracks Tech Lab  
  62  6:31  Supply Depot  
  62  6:34  Medivac x2, Marine x2  
  62  6:35  SCV  
  62  6:38  SCV  
  67  6:43  Marauder  
  67  6:44  Combat Shield  
  70  6:47  SCV  
  70  6:53  Marauder, Widow Mine x2  
  77  6:54  Supply Depot, SCV  
  77  6:55  Marine, Supply Depot  
  78  7:04  Terran Infantry Armor Level 1  
  78  7:07  Barracks Tech Lab  
  78  7:10  Supply Depot  
  78  7:15  Marine, SCV x2  
  78  7:19  Marine  
  78  7:20  Marauder x2  
  86  7:24  Marine x2  
  86  7:28  Supply Depot  
  86  7:29  Marauder  
  90  7:31  Concussive Shells  
  90  7:33  Marine  
  91  7:38  Supply Depot  
  91  7:39  Marine  
  91  7:41  Marauder x2  
  91  7:42  Factory Reactor  
  96  7:47  Medivac  
  96  7:48  Medivac  
  100  7:52  Marauder, Marine  
  103  7:59  Supply Depot  
  103  8:01  Marine x2  
  103  8:02  Marauder  
  105  8:13  Marine x2  
  105  8:14  Marauder x2  
  105  8:17  Medivac  
  105  8:19  Marine, Widow Mine x2  
  118  8:24  Marauder  
  120  8:30  Supply Depot  
  120  8:32  Marine, Supply Depot  
  121  8:35  Marauder, Marine  
  121  8:36  Marine  
  125  8:51  Supply Depot  
  125  8:52  Marauder  
  125  8:53  Medivac x2  
  125  8:55  Marine  
  131  8:58  Marauder  
  134  9:08  Marauder  
  136  9:11  Marine  
  136  9:13  Marauder  
  139  9:19  Marauder  
  139  9:20  Marine  
  139  9:30  Marauder, Marine x2  
  138  9:36  Command Center  
  135  9:43  Armory  
  135  9:47  Marauder  
  135  9:50  Marauder, Marine  
  136  10:02  Marauder, Marine  
  136  10:05  Medivac x2  
  142  10:20  Marauder x2, Marine x2  
  143  10:23  Marine  
  143  10:24  Marauder, Marine  
  134  10:34  Terran Infantry Weapons Level 2  
  125  10:38  Marine x2  
  125  10:41  Marauder, Marine  
  130  10:43  SCV  
  130  10:44  SCV  
  132  10:50  Orbital Command  
  132  10:55  SCV  
  132  10:56  Widow Mine, SCV  
  136  11:08  SCV x2  
  136  11:09  Marauder x3, Marine x2  
  146  11:16  Marine x2  
  146  11:18  SCV  
  147  11:28  Marine  
  147  11:30  Marauder  
  147  11:31  Marauder x2, Marine  
  154  11:34  Marine  
  154  11:37  Widow Mine x2  
  159  11:41  Marine  
  159  11:43  Medivac x2  
  159  11:46  Marine, Supply Depot  
  165  11:50  Supply Depot  
  165  11:52  Marauder x2  
  164  11:55  Marine  
  165  12:07  Marauder, Marine x2  
  169  12:08  Starport  
  169  12:13  Marauder  
  169  12:14  Supply Depot  
  170  12:19  Marauder  
  170  12:22  Viking x2  
  175  12:29  Marauder  
  169  12:35  Marauder, Marine  
  169  12:36  Marine  
Tags
 
Add a new tag
Caveats
  • Supply blocks, unpowered buildings, or Contaminate may cause inaccurate times.
  • Supply counts are checked every 10 seconds.